 Dungeon Sprint DCSS version 0.30-a0-738-g116ff8c4af (webtiles) character file.

Game seed: 17259837194357872333

4 valliere the Conjurer (level 1, 0/15 HPs)
             Began as a Demigod Conjurer on Feb 3, 2023.
             Slain by a human (9 damage)
             ... in the Dungeon (Sprint III: "The Ten Rune Challenge").
             The game lasted 00:00:24 (112 turns).

valliere the Conjurer (Demigod Conjurer)             Turns: 112, Time: 00:00:24

Health: 0/15       AC:  3    Str:  8    XL:     1   Next: 40%
Magic:  0/5        EV: 11    Int: 20    God:
Gold:   0          SH:  0    Dex: 12    Spells: 2/3 levels left

rFire   . . .      SeeInvis .    h - +0 mace
rCold   . . .      Faith    .    (no shield)
rNeg    . . .      Spirit   .    i - +0 leather armour
rPois   .          Reflect  .    (no helmet)
rElec   .          Harm     .    (no cloak)
rCorr   .          Rampage  .    (no gloves)
Will    .....      NoTele   +    (no boots)
Stlth   ++                       (no amulet)
HPRegen 0.22/turn                (no ring)
MPRegen 0.09/turn                (no ring)

@: no status effects
A: high MP 1, forlorn, divine attributes
a: no special abilities


You were in the Dungeon.
You visited 1 branch

Inventory:

Hand Weapons
 h - a +0 mace (weapon)
Armour
 a - a +0 robe
 i - a +0 leather armour (worn)
Scrolls
 g - a scroll of blinking
Potions
 b - 3 potions of magic
 c - a potion of curing
 d - a potion of heal wounds
 e - a potion of haste
 f - a potion of berserk rage


   Skills:
 * Level 0.4 Fighting
 + Level 2.0 Dodging
 + Level 1.9 Stealth
 + Level 1.9 Spellcasting
 + Level 4.3 Conjurations


You had 2 spell levels left.
You knew the following spells:

 Your Spells              Type           Power      Damage    Failure   Level
a - Magic Dart            Conj           76%        1d6       4%          1

Your spell library contained the following spells:

 Spells                   Type           Power      Damage    Failure   Level
 Searing Ray              Conj           38%        2d5       6%          2
 Dazzling Flash           Conj/Hex       20%        N/A       28%         3
 Fulminant Prism          Conj/Hex       5%         3d6       67%         4
 Iskenderun's Mystic Bla  Conj/Tloc      10%        2d4       67%         4


Dungeon Overview and Level Annotations

Branches:
Dungeon (1/1)


Innate Abilities, Weirdness & Mutations

You have an increased reservoir of magic. (+10% MP)
You shall have no god before yourself.
Your divine heritage dramatically boosts your attributes as you level up.


Message History

Found a mace.
The magic dart hits the endoplasm.
The endoplasm is severely wounded.
The endoplasm quivers.
The magic dart hits the endoplasm.
You kill the endoplasm!
Found a leather armour.
You see here a +0 mace.
h - a +0 mace
h - a +0 mace (weapon)
A rat comes into view.
The magic dart hits the rat.
You kill the rat!
Your Dodging skill increases to level 2!
You see here a +0 leather armour.
i - a +0 leather armour You start removing your armour.
You continue taking off your +0 robe. x4
You finish taking off your +0 robe.
You start putting on your armour.
You continue putting on your +0 leather armour. x5
You finish putting on your +0 leather armour.
A rat comes into view.
The magic dart hits the rat.
You kill the rat!
A human comes into view.
The human shouts!
The magic dart hits the human.
The human is lightly wounded.
The magic dart hits the human.
The human is moderately wounded.
The magic dart hits the human but does no damage.
The human is moderately wounded.
The magic dart hits the human.
The human is moderately wounded.
The human hits you.
The magic dart hits the human.
The human is heavily wounded.
The human hits you!
Ouch! That really hurt!
You die...

▓..##.......#
▓##.##.##...# .#
##.##.###..# ..#
▓#.####.##..# ...+
▓.###..##..##
#...# ▓#.....##..#
#....#
###..##...##.....#
##..##....#p.....#
#..###..##@# #..#
#..#### ▓▓▓▓ ▓▓▓▓


You could see a human.

Vanquished Creatures
  2 endoplasms (D)
  2 rats (D)
4 creatures vanquished.

Notes
Turn   | Place    | Note
-------+----------+-------------------------------------------
     0 | D        | valliere the Demigod Conjurer began the quest for the Orb.
     0 | D        | Reached XP level 1. HP: 14/14 MP: 5/5
     8 | D        | Reached skill level 4 in Conjurations
   112 | D        | Slain by a human

Illustrated notes

Levels and vault maps discovered:
D:        dungeon_sprint_mu [sprint_mu_entry_cave, sprint_mu_temple_rooms,
          sprint_mu_d1_horrors, sprint_mu_d2_genie, sprint_mu_d3_branching,
          sprint_mu_orc_legion, sprint_mu_elf_gauntlet, sprint_mu_hive_nellie,
          sprint_mu_lair_fedhas, sprint_mu_vaults_butterflies,
          sprint_mu_slime_circle, sprint_mu_shoals_kraken,
          sprint_mu_snake_twists, sprint_mu_blade_basic, sprint_mu_crypt_lich,
          sprint_mu_tomb_spiral, sprint_mu_vestibule_basic,
          sprint_mu_gehenna_hellfire, sprint_mu_dis_giant,
          sprint_mu_tartarus_statrot, sprint_mu_cocytus_islands, sprint_mu_zot1]

Skill      XL: |  1 |
---------------+----+-----
Conjurations   | 4 |  4.3
Dodging        | 2 |  2.0
Fighting       | |  0.4
Stealth        | |  1.9
Spellcasting   | |  1.9

Action                     || total
---------------------------++-------
   Cast: Magic Dart        ||    10

Table legend: (Time is in decaauts)
 A = Elapsed time spent in this place.
 B = Non-inter-level travel time spent in this place.
 C = Inter-level travel time spent in this place.
 D = Time resting spent in this place.
 E = Time spent auto-exploring this place.
 F = Levels seen in this place.
 G = Mean time per level.
                   A        B        C        D        E       F      G
               +--------+--------+--------+--------+--------+-----+--------+
         Total |    111 |    111 |      0 |      0 |     66 |   1 |  111.0 |
       Dungeon |    111 |    111 |      0 |      0 |     66 |   1 |  111.0 |
               +--------+--------+--------+--------+--------+-----+--------+

Top non-repeatable levels by time:
       D: 111 daAuts
